 Dungeon Crawl Stone Soup version 0.23-a0-681-g26ad783 (webtiles) character file.

13538 MalarOregon the Spear-Bearer (level 12, -4/95 HPs)
             Began as a Merfolk Ice Elementalist on Jan 10, 2019.
             Was a High Priest of Makhleb.
             Hit by a large rock thrown by a cyclops (24 damage)
             ... on level 11 of the Dungeon.
             The game lasted 00:42:12 (15018 turns).

MalarOregon the Spear-Bearer (MfIE)                Turns: 15018, Time: 00:42:14

Health: -4/95      AC:  9    Str:  8    XL:     12   Next: 7%
Magic:  33/33      EV: 13    Int: 19    God:    Makhleb [*****.]
Gold:   671        SH:  0    Dex: 15    Spells: 22/27 levels left

rFire    + . .     SeeInvis .   a - +4 bardiche of Defence {flame, rC+ rN+ MR-}
rCold    + . .     Gourm    .   (shield currently unavailable)
rNeg     + . .     Faith    .   F - +0 robe
rPois    .         Spirit   .   o - +2 hat
rElec    .         Reflect  .   h - +0 cloak
rCorr    .         Harm     .   I - +0 pair of gloves
MR       .....                  A - +2 pair of boots
Stlth    ++........             (no amulet)
HPRegen  0.25/turn              i - ring of protection from fire
MPRegen  0.23/turn              D - ring of magical power

@: no status effects
A: change form in water, swift swim, stealthy swim
a: Minor Destruction, Lesser Servant of Makhleb, Major Destruction, Greater
Servant of Makhleb, Renounce Religion


You were on level 11 of the Dungeon.
You worshipped Makhleb.
Makhleb was extremely pleased with you.
You were not hungry.

You visited 2 branches of the dungeon, and saw 12 of its levels.
You also visited: Bailey.

You collected 671 gold pieces.

Inventory:

Hand Weapons
 a - the +4 bardiche of Defence (weapon) {flame, rC+ rN+ MR-}
   (You acquired it on level 9 of the Dungeon)

   It has been specially enchanted to burn those struck by it, causing extra
   injury to most foes and up to half again as much damage against particularly
   susceptible opponents.
   Big, fiery blades are also staple armaments of hydra-hunters.
   It protects you from cold.
   It protects you from negative energy.
   It affects your resistance to hostile enchantments.
 l - a +5 dagger
   (You found it on level 2 of the Dungeon)
 z - a +0 blowgun
   (You took it off a kobold on level 8 of the Dungeon)
 E - a +2 dagger of freezing
   (You found it on level 1 of the Dungeon)
Missiles
 p - a throwing net {!f}
 y - a tomahawk of returning (quivered)
 L - 449 stones
 N - 9 tomahawks
Armour
 h - a +0 cloak (worn)
   (You found it on level 1 of the Dungeon)
 o - a +2 hat (worn)
   (You found it on level 2 of the Dungeon)
 A - a +2 pair of boots (worn)
   (You found it on level 4 of the Dungeon)
 F - a +0 robe (worn)
 I - a +0 pair of gloves (worn)
   (You found it on level 8 of the Dungeon)
Magical Staves
 b - an uncursed staff of wizardry {!a}
   (You found it on level 10 of the Dungeon)
Jewellery
 d - an uncursed ring of flight
   (You found it on level 5 of the Dungeon)
 i - a ring of protection from fire (left hand)
   (You found it on level 9 of the Dungeon)
 D - a ring of magical power (right hand)
   (You found it on level 7 of the Dungeon)
Wands
 t - a wand of flame (34)
   (You took it off a goblin on level 6 of the Dungeon)
 x - a wand of acid (1)
   (You found it on level 6 of the Dungeon)
Scrolls
 f - 5 scrolls of remove curse {@r2}
 k - 3 scrolls of fear
 m - 9 scrolls of teleportation {@r4}
 u - 4 scrolls of enchant weapon
 w - a scroll of amnesia
 H - 6 scrolls of summoning
Potions
 g - 2 potions of cancellation
 n - 4 potions of might
 q - 4 potions of haste {@q3}
 r - 10 potions of curing {@q1}
 s - a potion of berserk rage
 v - 3 potions of heal wounds {@q2}
 B - 2 potions of brilliance
 C - 3 potions of mutation {!q}
 G - 2 potions of invisibility
 K - 13 potions of degeneration {!q}
 M - 2 potions of ambrosia {unknown}
Comestibles
 c - a chunk of flesh
 e - 20 rations {!d}


   Skills:
 + Level 9.1 Fighting
 * Level 11.8 Polearms
 + Level 8.4 Throwing
 - Level 2.7 Dodging
 - Level 2.1 Stealth
 + Level 8.0 Spellcasting
   Level 0.7 Conjurations
 + Level 5.6 Summonings
 + Level 8.5 Ice Magic


You had 22 spell levels left.
You knew the following spells:

 Your Spells              Type           Power        Failure   Level  Hunger
a - Freeze                Ice            ####         1%          1    None
d - Summon Ice Beast      Ice/Summ       ####....     4%          4    ###....

Your spell library contained the following spells:

 Spells                   Type           Power        Failure   Level  Hunger
 Throw Frost              Conj/Ice       ####..       1%          2    None
 Ozocubu's Armour         Chrm/Ice       ###.....     4%          3    None
 Throw Icicle             Conj/Ice       ####....     14%         4    ###....


Dungeon Overview and Level Annotations

Branches:
Dungeon (11/15)            Temple (1/1) D:4            Lair (0/6) D:9
    Orc (0/2) D:10

Altars:
Ashenzari
Cheibriados
Elyvilon
Fedhas
Gozag
Hepliaklqana
Kikubaaqudgha
Makhleb
Nemelex Xobeh
Okawaru
Qazlal
Ru
Sif Muna
Trog
Uskayaw
Vehumet
Wu Jian
Xom
Yredelemnul
Zin
The Shining One

Portals:
Ice
Cave: D:11


Message History

Attack whom?
You reach to attack!
You hit something. You burn something. Something hits you.
* * * LOW HITPOINT WARNING * * *
You can't see any susceptible monsters within range! (Use Z to cast anyway.)
You freeze something. Something hits you but does no damage.
There's nothing close enough!
Something hits you.
* * * LOW HITPOINT WARNING * * *
Something hits you but does no damage.
You freeze something. Something hits you!
* * * LOW HITPOINT WARNING * * *
Something hits you but does no damage.
You freeze something. Makhleb accepts your kill.
You feel better.
Reactivating autopickup.
Your Spellcasting skill increases to level 8!
You feel a bit more experienced.
r - 10 potions of curing {@q1} (gained 1)
Found 3 tomahawks.
You hear the crackling of a melting archway nearby.
e - 20 rations {!d} (gained 1)
N - 9 tomahawks (gained 3) Some of the chunks of flesh in your inventory have rotted away.
A necrophage comes into view.
You slice the necrophage!! You burn the necrophage!
You destroy the necrophage!
Makhleb accepts your kill.
You feel better.
You see here a necrophage corpse.
You start resting.
You hear the steady crackling of a melting archway nearby.
A cyclops comes into view.
Found a scroll of fear.
A green ugly thing comes into view.
The cyclops shouts!
The green ugly thing gurgles horribly!
Found a frozen archway.
The cyclops throws a large rock.
The large rock closely misses you.
Some of the chunks of flesh in your inventory have rotted away.
Found 19 bolts and 24 stones.
You slash the cyclops! You burn the cyclops. The cyclops hits you!!
* * * LOW HITPOINT WARNING * * *
Unknown command.
The green ugly thing headbutts you.
* * * LOW HITPOINT WARNING * * *
The cyclops throws a large rock.
The large rock hits you!!
You die...

#.########## (.
#....[.....# ...###
#./........#
......#########..........#
....#....................#
................##########
..#.∩.#.....†...#
(.......u.......#
..#.C..@..(...#
.........#####.##
.........# #.# ...?.....#
#.# ########## #.. ###


You could see a green ugly thing and a cyclops.

Vanquished Creatures
  2 two-headed ogres
  2 unseen horrors
  2 orc knights (Bailey)
  Psyche (D:8)
  A merfolk (D:9)
  Grinder (D:6)
  Prince Ribbit (D:6)
  A hippogriff (D:10)
  A wyvern (D:9)
  2 wraiths (D:11)
  9 yaks
  2 water moccasins
  A sky beast (D:10)
  12 orc warriors
  A hornet zombie (D:11)
  7 ice beasts
  2 ogres
  2 necrophages
  The ghost of ThereIsNoGod the Chopper, an amateur DDFi (D:4)
  An eye of draining (D:10)
  2 phantoms
  A black bear (D:4)
  4 centaurs
  2 big kobolds (D:8)
  7 bullfrogs
  A wyvern zombie (D:9)
  3 scorpions
  10 killer bees
  3 howler monkeys
  4 crimson imps
  2 centaur zombies (D:5)
  A bullfrog skeleton (D:8)
  3 jellies
  10 orc priests
  A gnoll shaman (D:7)
  5 hounds
  2 centaur skeletons (D:4)
  6 iguanas
  8 worker ants
  13 orc wizards
  A killer bee zombie (D:9)
  A hound skeleton (D:5)
  A worker ant zombie (D:11)
  10 gnolls
  2 howler monkey skeletons
  13 adders
  2 shadow imps
  An ooze (D:1)
  3 adder skeletons
  5 worms
  2 dart slugs
  8 leopard geckos
  53 orcs
  A ball python (D:4)
  3 giant cockroaches
  7 goblins
  12 hobgoblins
  15 jackals
  5 quokkas
  8 bats
  2 frilled lizards
  A jackal zombie (D:6)
  32 kobolds
  A leopard gecko zombie (D:7)
  8 rats
  A bush (D:1)
338 creatures vanquished.

Vanquished Creatures (collateral kills)
  An orc knight (Bailey)
  A hippogriff (D:9)
  5 yaks
  6 orc warriors
  A swamp drake (D:10)
  An ogre (D:9)
  A jelly (D:9)
  3 orc priests (D:7)
  2 orc wizards (D:10)
  A worker ant (D:9)
  29 orcs
  A jackal (D:9)
52 creatures vanquished.

Vanquished Creatures (others)
  A plant (D:1)
1 creature vanquished.

Grand Total: 391 creatures vanquished

Notes
Turn   | Place    | Note
-------+----------+-------------------------------------------
     0 | D:1      | MalarOregon the Merfolk Ice Elementalist began the quest
                  | for the Orb.
     0 | D:1      | Reached XP level 1. HP: 13/13 MP: 3/3
   179 | D:1      | Reached XP level 2. HP: 15/20 MP: 3/5
   285 | D:1      | Reached skill level 1 in Fighting
   455 | D:1      | Reached skill level 1 in Throwing
   596 | D:1      | Reached XP level 3. HP: 26/26 MP: 6/6
  1099 | D:1      | HP: 1/26 [bat (1)]
  1368 | D:1      | Reached XP level 4. HP: 30/32 MP: 4/7
  1897 | D:2      | Learned a level 4 spell: Summon Ice Beast
  2091 | D:2      | Found a basalt altar of Yredelemnul.
  2254 | D:2      | Reached XP level 5. HP: 25/38 MP: 2/9
  2372 | D:2      | Reached skill level 1 in Summonings
  2756 | D:3      | Reached skill level 1 in Polearms
  3438 | D:3      | Found a hazy altar of Hepliaklqana.
  3858 | D:4      | Reached XP level 6. HP: 46/46 MP: 5/10
  3979 | D:4      | Reached skill level 2 in Polearms
  4121 | D:4      | Found a staircase to the Ecumenical Temple.
  4188 | Temple   | Entered the Ecumenical Temple
  4300 | Temple   | Became a worshipper of Makhleb the Destroyer
  4417 | D:4      | Noticed ThereIsNoGod's ghost (amateur DDFi)
  4419 | D:4      | Found a transporter.
  4421 | D:4      | Found a transporter.
  4532 | D:4      | Found a hide-covered altar of Uskayaw.
  4667 | D:4      | Reached XP level 7. HP: 35/52 MP: 5/12
  4680 | D:4      | Reached skill level 3 in Polearms
  5075 | D:4      | Reached skill level 5 in Ice Magic
  5192 | D:4      | Killed ThereIsNoGod's ghost
  5431 | D:5      | Entered Level 5 of the Dungeon
  5511 | D:5      | Reached XP level 8. HP: 60/60 MP: 10/13
  5551 | D:5      | Reached skill level 4 in Polearms
  6636 | D:6      | Noticed Prince Ribbit
  6649 | D:6      | Killed Prince Ribbit
  6649 | D:6      | Reached skill level 5 in Polearms
  6688 | D:6      | Found a shattered altar of Ashenzari.
  6723 | D:6      | Noticed Grinder
  6733 | D:6      | Killed Grinder
  6733 | D:6      | Reached XP level 9. HP: 63/67 MP: 14/16
  6820 | D:6      | Reached * piety under Makhleb
  6820 | D:6      | Reached skill level 5 in Fighting
  6920 | D:6      | Found a radiant altar of Vehumet.
  7533 | D:7      | Reached skill level 6 in Polearms
  7565 | D:7      | Identified a scroll of acquirement
  7566 | D:7      | Got a transparent glaive
  7567 | D:7      | Identified the +1 glaive of Checks and Balances {chop, MR-
                  | Int+2 Dex+2 SInv} (You acquired it on level 7 of the
                  | Dungeon)
  7775 | D:7      | Reached skill level 5 in Spellcasting
  7779 | D:7      | Reached skill level 5 in Throwing
  7821 | D:7      | Found a flagged portal.
  7830 | Bailey   | Entered a bailey
  8121 | Bailey   | Reached ** piety under Makhleb
  8367 | Bailey   | Noticed an orc knight
  8404 | Bailey   | Killed an orc knight
  8404 | Bailey   | Reached skill level 7 in Polearms
  8404 | Bailey   | Reached skill level 5 in Summonings
  8716 | Bailey   | Noticed an orc knight
  8754 | Bailey   | Killed an orc knight
  8754 | Bailey   | Reached XP level 10. HP: 63/77 MP: 18/18
  8853 | Bailey   | Noticed an orc knight
  8870 | Bailey   | Killed an orc knight
  8870 | Bailey   | Reached skill level 8 in Polearms
  9964 | D:8      | Found an ornate altar of the Wu Jian Council.
  9971 | D:8      | Reached *** piety under Makhleb
 10470 | D:8      | Noticed Psyche
 10495 | D:8      | Killed Psyche
 10495 | D:8      | Reached skill level 9 in Polearms
 10673 | D:8      | Noticed a two-headed ogre
 10702 | D:8      | Killed a two-headed ogre
 10706 | D:8      | Reached XP level 11. HP: 49/84 MP: 21/21
 11045 | D:8      | Reached **** piety under Makhleb
 11315 | D:9      | Got a steaming bardiche
 11316 | D:9      | Identified the +4 bardiche of Defence {flame, rC+ rN+ MR-}
                  | (You acquired it on level 9 of the Dungeon)
 11571 | D:9      | Found an iron altar of Okawaru.
 11574 | D:9      | Found a stormy altar of Qazlal.
 11577 | D:9      | Found a deep blue altar of Sif Muna.
 11604 | D:9      | Found a shimmering altar of Xom.
 11760 | D:9      | Found a staircase to the Lair.
 11769 | D:9      | Reached skill level 10 in Polearms
 13019 | D:9      | Found an iron altar of Okawaru.
 13146 | D:10     | Entered Level 10 of the Dungeon
 13183 | D:10     | Noticed a two-headed ogre
 13213 | D:10     | Killed a two-headed ogre
 13446 | D:10     | Reached ***** piety under Makhleb
 13852 | D:10     | Reached skill level 11 in Polearms
 14177 | D:10     | Found a staircase to the Orcish Mines.
 14367 | D:10     | Killed an unseen horror
 14818 | D:11     | Reached XP level 12. HP: 36/95 MP: 23/23
 15013 | D:11     | Found a frozen archway.
 15018 | D:11     | Hit by a large rock thrown by a cyclops

Vault maps used:
D:1:      erik_arrival_triangle_medium, serial_park_tiny_pond, minivault_24,
          lexackson_kobold_supper
D:2:      yredelemnul_altar_generic
D:3:      lemuel_doored_altar, nicolae_overflow_hidden_temple
D:4:      minmay_chambers_of_twos, eat_drink_and_be_merry_uskayaw,
          minmay_temple_entry_statues, gammafunk_ghost_arena
D:5:      first_ration
D:6:      cheibrodos_ashenzari_chains, vehumet_altar_wand_db, uniq_grinder,
          uniq_prince_ribbit1
D:7:      enter_bailey_6
D:8:      old_standard_altar, uniq_psyche
D:9:      grunt_temple_overflow_cloverleaf, dpeg_oklobed_lair,
          hangedman_fish_farm, okawaru_altar_gauntlet_db
D:10:     erik_orc_1
D:11:     portal_ice_cave_entry_pillars_1
Temple:   dshaligram_water_room_temple
Bailey:   bailey_polearm_5, bailey

Skill      XL: |  1  2  3  4  5  6  7  8  9 10 11 12 |
---------------+-------------------------------------+-----
Fighting       | 1 2 3 4 6 7 9 |  9.1
Throwing       | 1 2 3 4 5 7 8 |  8.4
Ice Magic      | 4 5 6 7 8 |  8.5
Summonings     | 1 2 4 5 |  5.6
Polearms       | 1 2 3 5 7 9 11 | 11.8
Spellcasting   | 3 4 5 6 7 8 |  8.0
Dodging        | |  2.7
Stealth        | |  2.1
Conjurations   | |  0.7

Action                   |  1- 3 |  4- 6 |  7- 9 | 10-12 || total
-------------------------+-------+-------+-------+-------++-------
Melee: Dagger            |    60 |   251 |       |       ||   311
       Tailslap          |     2 |       |       |     1 ||     3
       Halberd           |       |    31 |   142 |   100 ||   273
       Glaive            |       |       |    27 |       ||    27
       Bardiche          |       |       |       |   264 ||   264
Throw: Stone             |    40 |    35 |     8 |       ||    83
       Tomahawk          |       |       |     6 |    54 ||    60
 Cast: Freeze            |    60 |   108 |    97 |   152 ||   417
       Summon Ice Beast  |       |       |    15 |    24 ||    39
Evoke: Wand              |       |       |    13 |     2 ||    15
  Use: Potion            |     1 |       |     3 |     6 ||    10
       Scroll            |       |       |    17 |     5 ||    22
 Stab: Sleeping          |     1 |     6 |     7 |     4 ||    18
       Paralysed         |       |       |     8 |       ||     8
       Distracted        |       |       |       |     2 ||     2
  Eat: Chunk             |     2 |    12 |    12 |    24 ||    50
       Ration            |       |       |     1 |       ||     1
Armor: Robe              |    29 |    33 |    49 |   134 ||   245
       Skin              |       |       |       |    55 ||    55
Dodge: Dodged            |   130 |   105 |   164 |   402 ||   801

Table legend:
 A = Non-vault XP
 B = Vault XP
 C = Vault XP percentage of total XP
 D = Non-vault monster count
 E = Vault monster count
 F = Vault count percentage of total count
                 A         B        C        D         E       F
            +---------+---------+-------+---------+---------+-------
      Total |   14654 |    4686 |  24.2 |     306 |      83 |  21.3
            +---------+---------+-------+---------+---------+-------
        D:1 |      65 |      17 |  20.7 |      34 |       8 |  19.0
        D:2 |     156 |       0 |   0.0 |      22 |       0 |   0.0
        D:3 |      72 |       0 |   0.0 |      24 |       0 |   0.0
        D:4 |     319 |     483 |  60.2 |      22 |       7 |  24.1
        D:5 |     750 |       0 |   0.0 |      17 |       0 |   0.0
        D:6 |     157 |     562 |  78.2 |       6 |       3 |  33.3
        D:7 |    1317 |       0 |   0.0 |      31 |       0 |   0.0
        D:8 |    2657 |     410 |  13.4 |      48 |       1 |   2.0
        D:9 |    3003 |     365 |  10.8 |      40 |       7 |  14.9
       D:10 |    4116 |     404 |   8.9 |      46 |      17 |  27.0
       D:11 |    2042 |       0 |   0.0 |      16 |       0 |   0.0
     Bailey |       0 |    2445 | 100.0 |       0 |      40 | 100.0
            +---------+---------+-------+---------+---------+-------
